 Dungeon Crawl Stone Soup version 0.27-a0-1193-g8631133539 (webtiles) character file.

Game seed: 13627210563330725967

338 ZappyNine the Sneak (level 6, -5/39 HPs)
             Began as a Kobold Brigand on May 25, 2021.
             Killed from afar by Ijyb (15 damage)
             ... with a bolt of acid
             ... on level 3 of the Dungeon.
             The game lasted 00:02:13 (2322 turns).

ZappyNine the Sneak (Kobold Brigand)                Turns: 2322, Time: 00:02:14

Health: -5/39      AC: -1    Str:  9    XL:     6   Next: 85%
Magic:  5/5        EV: 16    Int: 12    God:
Gold:   90         SH:  0    Dex: 18    Spells: 5/5 levels left

rFire    . . .     SeeInvis .   a - +2 dagger
rCold    + . .     Faith    .   (shield restricted)
rNeg     . . .     Spirit   .   b - +0 robe
rPois    .         Reflect  .   (no helmet)
rElec    .         Harm     .   c - +0 cloak
rCorr    .         Rampage  .   (no gloves)
Will     .....                  (no boots)
Stlth    +++++.....             (no amulet)
HPRegen  0.13/turn              g - ring of protection from cold
MPRegen  0.09/turn              (no ring)

@: corroded
A: small, no large weapons, nightstalker 3, low mp 1, screaming 1
a: no special abilities


You were on level 3 of the Dungeon.
You visited 1 branch of the dungeon, and saw 3 of its levels.

You collected 90 gold pieces.

Inventory:

Hand Weapons
 a - a +2 dagger (weapon)
Missiles
 d - 8 poisoned darts
 e - 2 curare-tipped darts (quivered)
Armour
 b - a +0 robe (worn)
 c - a +0 cloak (worn)
Jewellery
 g - a ring of protection from cold (left hand)
 n - a ring of fire
Scrolls
 f - a scroll of blinking {unknown}
 i - 2 scrolls of magic mapping {unknown}
 j - a scroll of vulnerability {unknown}
 l - a scroll of enchant weapon {unknown}
 o - a scroll of fog {unknown}
 q - a scroll of immolation {unknown}
 r - a scroll of identify {unknown}
Potions
 p - a potion of flight {unknown}


   Skills:
 * Level 4.4 Fighting
 - Level 2.6 Short Blades
 - Level 2.1 Throwing
 * Level 4.3 Dodging
 + Level 7.8 Stealth


You had 5 spell levels left.
You didn't know any spells.
Your spell library was empty.

Dungeon Overview and Level Annotations

Branches:
Dungeon (3/15)

Altars:

Annotations:
D:3 Ijyb


Innate Abilities, Weirdness & Mutations

You are small and have problems with some larger weapons.
You are completely attuned to the shadows.
Your magical capacity is low. (-10% MP)
You occasionally shout uncontrollably at your foes.


Message History

Items here: )))) [[[[ ÷÷÷.
Things that are here:
a +0 club; a +0 scale mail Ijyb the Twisted Goblin comes into view.
She is wielding a +7 dagger of venom, wearing a +2 scale mail of fire resistance and carrying a wand of acid (8).
You yell at Ijyb!
Ijyb shouts!
Ijyb drinks a potion.
Ijyb seems to speed up.
Ijyb is nearby!
Ijyb is nearby!
You barely miss Ijyb.
Ijyb zaps a wand.
The bolt of acid misses you.
You hit Ijyb.
Ijyb is lightly wounded.
Ijyb barely misses you.
You hit Ijyb.
Ijyb is lightly wounded.
Ijyb screams, "Me kill you!" Ijyb closely misses you.
Ijyb hits you but does no damage.
You are poisoned.
You hit Ijyb but do no damage.
Ijyb is lightly wounded.
You feel sick. Ijyb closely misses you.
You hit Ijyb but do no damage.
Ijyb is lightly wounded.
You feel sick.
Ijyb zaps a wand.
The bolt of acid misses you.
You closely miss Ijyb.
Ijyb is lightly wounded.
You feel sick.
Ijyb hits you with a +7 dagger of venom!
You hit Ijyb but do no damage.
Ijyb is lightly wounded.
You feel sick.
Ijyb hits you with a +7 dagger of venom.
You are more poisoned.
Ijyb zaps a wand.
The bolt of acid hits you!
* * * LOW HITPOINT WARNING * * *
The acid corrodes you!
You are splashed with acid!
* * * LOW HITPOINT WARNING * * *
It was a potion of curing.
You feel better.
Ijyb zaps a wand.
The bolt of acid hits you!
You die...

##.#.##### #.#.#
...#.#######†#.####
...................
####.#.####...#####
#.#.# #.#.....
#.#.####...####
#.#.#..........
##.#.#.###.#####
#g@...........#
.........###.##.#
#.####.### #....# #
#.# ###..# #.# #..#
#..# #..#
###############..#
#
#...........(...>#
##


You could see Ijyb (fast).

Vanquished Creatures
  Sigmund (D:2)
  A centaur skeleton (D:3)
  2 orc wizards (D:3)
  A hound skeleton (D:3)
  4 adders (D:2)
  3 orcs (D:3)
  8 endoplasms
  A giant cockroach (D:1)
  4 goblins
  3 hobgoblins
  6 kobolds
  2 ball pythons
  8 bats
  3 frilled lizards (D:2)
  2 rats (D:2)
49 creatures vanquished.

Notes
Turn   | Place    | Note
-------+----------+-------------------------------------------
     0 | D:1      | ZappyNine the Kobold Brigand began the quest for the Orb.
     0 | D:1      | Reached XP level 1. HP: 12/12 MP: 1/1
   150 | D:1      | Reached XP level 2. HP: 17/17 MP: 2/2
   234 | D:1      | Reached skill level 6 in Stealth
   657 | D:2      | Reached XP level 3. HP: 12/21 MP: 3/3
  1008 | D:2      | Found a faded altar of an unknown god.
  1075 | D:2      | Reached skill level 7 in Stealth
  1075 | D:2      | Reached XP level 4. HP: 22/27 MP: 4/4
  1404 | D:2      | Noticed Sigmund
  1408 | D:2      | Killed Sigmund
  1409 | D:2      | Reached XP level 5. HP: 33/33 MP: 5/5
  1409 | D:2      | Reached XP level 6. HP: 38/38 MP: 6/6
  2068 | D:3      | Gained mutation: Your magical capacity is low. (-10% MP)
                  | [potion of mutation]
  2068 | D:3      | Gained mutation: You occasionally shout uncontrollably at
                  | your foes. [potion of mutation]
  2313 | D:3      | Noticed Ijyb
  2322 | D:3      | Killed from afar by Ijyb

Illustrated notes

Levels and vault maps discovered:
D:1:      amcnicky_arrival_blooded_trapdoor, layout_rooms
D:2:      layout_loops_ring, hellmonk_ecumenical_altar_run_dry,
          kennysheep_generic_room_5, uniq_sigmund
D:3:      layout_loops_ring, nicolae_ru_sacrificial_ziggurat, uniq_jessica,
          uniq_ijyb

Skill      XL: |  1  2  3  4  5  6 |
---------------+-------------------+-----
Stealth        | 6 7 |  7.8
Dodging        | 2 3 4 |  4.3
Fighting       | 4 |  4.4
Short Blades   | |  2.6
Throwing       | |  2.1

Action                   |  1- 3 |  4- 6 || total
-------------------------+-------+-------++-------
Melee: Dagger            |    64 |    93 ||   157
Throw: Dart              |     2 |       ||     2
  Use: Potion            |       |     4 ||     4
 Stab: Sleeping          |    19 |    13 ||    32
Armor: Robe              |     9 |     3 ||    12
       Skin              |       |    22 ||    22
Dodge: Dodged            |    28 |    28 ||    56

Table legend: (Time is in decaauts)
 A = Elapsed time spent in this place.
 B = Non-inter-level travel time spent in this place.
 C = Inter-level travel time spent in this place.
 D = Time resting spent in this place.
 E = Time spent auto-exploring this place.
 F = Levels seen in this place.
 G = Mean time per level.
                   A        B        C        D        E       F      G
               +--------+--------+--------+--------+--------+-----+--------+
         Total |   2313 |   2241 |     72 |    419 |   1444 |   3 |  771.0 |
       Dungeon |   2313 |   2241 |     72 |    419 |   1444 |   3 |  771.0 |
               +--------+--------+--------+--------+--------+-----+--------+

Top non-repeatable levels by time:
     D:2: 1083 daAuts
     D:1: 642 daAuts
     D:3: 587 daAuts
